 Dungeon Crawl Stone Soup version 0.30-b1-2-g02819fbbbe (webtiles) character file.

Game seed: 2099243931205841418

92688 LLlMATKO the Fighter (level 15, -8/208 HPs)
             Began as a Minotaur Berserker on Oct 7, 2023.
             Was a High Priest of Trog.
             Mangled by a frost giant
             ... wielding a +2 battleaxe of freezing
              (27 damage)
             ... on level 14 of the Dungeon on Oct 8, 2023.
             The game lasted 00:35:52 (20129 turns).

LLlMATKO the Fighter (Minotaur Berserker)          Turns: 20129, Time: 00:35:52

Health: -8/208     AC: 26    Str: 39    XL:     15   Next: 58%
Magic:  14/14      EV: 15    Int:  4    God:    Trog [*****.]
Gold:   1714       SH: 12    Dex: 13    Spells: 14/14 levels left

rFire   + . .        w - +2 broad axe (heavy)
rCold   . . .        O - +0 kite shield {reflect}
rNeg    . . .        e - +6 chain mail of Past Mistakes {Str+5}
rPois   +            V - +0 hat
rElec   +            L - +2 cloak {rPois}
rCorr   .            x - +0 pair of gloves
SInv    .            d - +0 pair of boots {Fly}
Will    ++...        u - amulet of regeneration Stlth
                     N - +6 ring of strength
HPRegen 1.34/turn    t - ring "Ysiem" {Drain rElec rF+ Will+ Dex+2}
MPRegen 0.14/turn

%: reflection
@: berserking, lethally poisoned (-8 -> -9), flying, very quick
A: horns 2, retaliatory headbutt
a: Renounce Religion, Berserk, Trog's Hand, Brothers in Arms


You were on level 14 of the Dungeon.
You worshipped Trog.
Trog was extremely pleased with you.
You visited 3 branches of the dungeon, and saw 21 of its levels.
You also visited: Ossuary, Bailey, Ice Cave and Volcano.

You collected 2215 gold pieces.
You spent 501 gold pieces at shops.

Inventory:

Hand Weapons
 b - the +12 broad axe "Hoigg" {freeze, Str+3}
   (You found it on level 11 of the Dungeon)

   Str:       It affects your strength (+3).
 q - the +7 hand crossbow of Qazlal {heavy, rElec}
   (You acquired it on level 7 of the Dungeon)

   rElec:     It insulates you from electricity.
 w - a +2 heavy broad axe (weapon)
 P - the +10 hand axe of Superiority {elec, rC+}
   (You found it on level 13 of the Dungeon)

   rC:        It protects you from cold.
 Z - a +5 broad axe of flaming
Missiles
 a - 8 atropa-tipped darts (quivered)
 W - a throwing net
Armour
 d - a +0 pair of boots of flying (worn)
 e - the +6 chain mail of Past Mistakes (worn) {Str+5}
   (You found it on level 11 of the Dungeon)

   Str:       It affects your strength (+5).
 x - a +0 pair of gloves (worn)
 L - a +2 cloak of poison resistance (worn)
 O - a +0 kite shield of reflection (worn)
 S - a +2 tower shield of fire resistance
 V - a +0 hat (worn)
Jewellery
 f - a ring of ice
 k - an amulet of magic regeneration
 o - a +6 ring of strength
 t - the ring "Ysiem" (right hand) {Drain rElec rF+ Will+ Dex+2}
   (You found it in an ice cave)

   [ring of willpower]

   Dex:       It affects your dexterity (+2).
   rF:        It protects you from fire.
   rElec:     It insulates you from electricity.
   Drain:     It drains your maximum health when unequipped.
   Will:      It increases your willpower.
 u - an amulet of regeneration (around neck)
 D - a +5 ring of evasion
 I - a ring of ice
 N - a +6 ring of strength (left hand)
 Q - the ring "Hoahet" {Ice SInv Stlth+}
   (You found it in an ice cave)

   [ring of ice]

   It enhances your ice magic.
   rF:        It makes you vulnerable to fire.
   rC:        It protects you from cold.
   SInv:      It lets you see invisible.
   Stlth:     It makes you more stealthy.
 X - a ring of positive energy
 Y - a ring of protection from fire
Wands
 s - a wand of mindburst (10)
 v - a wand of charming (8)
 A - a wand of polymorph (6)
 F - a wand of flame (21)
 U - a wand of roots (12)
Scrolls
 h - 5 scrolls of enchant armour
 i - 3 scrolls of fog
 l - 3 scrolls of blinking
 m - a scroll of poison
 n - 5 scrolls of identify
 r - a scroll of torment
 y - 7 scrolls of teleportation
 B - a scroll of immolation
 E - 5 scrolls of enchant weapon
 J - 3 scrolls of noise
 T - 2 scrolls of vulnerability
Potions
 c - 4 potions of haste
 g - 4 potions of ambrosia
 j - 7 potions of heal wounds
 p - 5 potions of might
 z - 8 potions of curing
 C - 4 potions of resistance
 H - 2 potions of cancellation
 K - 4 potions of flight
 R - a potion of invisibility


   Skills:
 + Level 14.5 Fighting
 + Level 14.4 Axes
 + Level 12.2 Ranged Weapons
 + Level 14.4 Armour
 + Level 13.1 Dodging
 + Level 13.9 Shields


You had 14 spell levels left.
You didn't know any spells.
Your spell library was empty.

Dungeon Overview and Level Annotations

Branches:
Dungeon (14/15)            Temple (0/1) D:6            Lair (5/5) D:9
 Shoals (0/4) Lair:2       Spider (0/4) Lair:3        Slime (0/5) Lair:5
    Orc (2/2) D:9             Elf (0/3) Orc:2       Ossuary (visited)
 Bailey (visited)           IceCv (visited)         Volcano (visited)
 Vaults: D:13-14

Altars:
Ashenzari
Cheibriados
Dithmenos
Hepliaklqana
Kikubaaqudgha
Makhleb
Nemelex Xobeh
Qazlal
Ru
Uskayaw
Vehumet
Wu Jian
Xom
Yredelemnul
Zin
The Shining One
Jiyva

Shops:
D:1 =   D:2 (   D:8 *   D:12 [   Orc:2 [(?[


Innate Abilities, Weirdness & Mutations

You have a pair of horns on your head.
You reflexively headbutt those who attack you in melee.


Message History

The frost giant is heavily wounded.
w - a +2 heavy broad axe (weapon)
The frost giant completely misses you. You furiously retaliate!
You headbutt the frost giant! You slash the frost giant!
The frost giant is severely wounded.
The frost giant hits you with a +2 battleaxe of freezing!!
The frost giant freezes you!
You are too injured to fight recklessly!
You are too injured to fight recklessly!
Unknown command.
You hit the frost giant but do no damage.
You headbutt the frost giant, but do no damage.
The frost giant is severely wounded.
The deep elf annihilator casts a spell.
The deep elf annihilator blinks!
You block the frost giant's attack.
The frost giant hits you with a +2 battleaxe of freezing!
The frost giant freezes you.
The deep elf annihilator hits you but does no damage.
You closely miss the deep elf annihilator.
You slash the frost giant!
The deep elf annihilator casts a spell at you.
The poison arrow hits you!
You are poisoned.
You partially resist. The frost giant barely misses you.
You furiously retaliate!
You headbutt the frost giant!
A red film seems to cover your vision as you go berserk!
You feel yourself moving faster!
You feel mighty!
You feel very sick.
You block the deep elf annihilator's attack.
The frost giant hits you with a +2 battleaxe of freezing!!
The frost giant freezes you!
You slice the deep elf annihilator!!
The deep elf annihilator is heavily wounded.
You barely miss the frost giant.
You feel sick.
The deep elf annihilator points at you and mumbles some strange words.
The crystal spear hits you!!!
* * * LOW HITPOINT WARNING * * *
The frost giant hits you with a +2 battleaxe of freezing!!
You die...

#........###.#
##......##.
#.. #.....##..
#.. ##
#....##..# #.
. ##..##..# #.
##.##..#
#.###.##..#
#....##C.#
#...##@.#
##.!..e##
#..#.##
##....#
#...#.#
#...##.# #...#
#.# ....# #.#
.....# #.


You could see a frost giant and a deep elf annihilator.

Vanquished Creatures
  Gastronok (D:10)
  Donald (Orc:2)
  An azure jelly (IceCv)
  The ghost of jombi the Swashbuckler, an adept KoWn of Sif Muna (D:13)
  4 quicksilver oozes (IceCv)
  The ghost of Killmatronix the Cleaver, a journeyman MiSu of Gozag (D:11)
  Fannar (Lair:1)
  7 hydras
  Erica (D:9)
  3 boulder beetles (Lair:2)
  3 centaur warriors
  5 death yaks (Lair:3)
  2 tengu warriors (D:14)
  2 two-headed ogres
  Urug (Lair:5)
  3 orc high priests (Orc:2)
  A hell knight (Volcano)
  4 skysharks (Lair:5)
  6 skeletal warriors
  A goliath frog (Lair:5)
  3 lindwurms
  A deep elf pyromancer (D:13)
  Pikel (D:7)
  5 orc knights (Orc:2)
  4 orc sorcerers
  4 cyclopes
  2 manticores
  8 elephants
  3 ice statues (IceCv)
  A water nymph (Lair:2)
  5 black mambas
  21 cane toads
  A gargoyle (D:13)
  2 torpor snails
  4 unseen horrors
  A rime drake (Lair:2)
  16 komodo dragons
  A yaktaur (Volcano)
  3 trolls
  The ghost of mavignon the Ruffian, an amateur TrGl (D:7)
  A polar bear (Lair:4)
  2 tyrant leeches (Lair:5)
  A tarantella (Lair:2)
  A hornet (D:10)
  16 blink frogs
  6 dream sheep
  21 slime creatures
  A jumping spider (Lair:2)
  2 culicivoras (Lair:3)
  3 spriggans (Bailey)
  A shadow (D:11)
  3 wraiths
  47 yaks
  8 wyverns
  13 vampire mosquitoes
  4 steam dragons
  Eustachio (D:4)
  2 redbacks (Lair:2)
  7 basilisks
  Menkaure (Ossuary)
  2 wargs (Orc:1)
  Edmund (D:5)
  13 water moccasins
  4 acid dragons
  An ice beast (D:7)
  16 orc warriors
  3 black bears
  5 great orb of eyes simulacra (IceCv)
  7 ogres
  15 wolves
  15 centaurs
  2 lemures (D:7)
  A phantom (D:6)
  3 slime creature simulacra (IceCv)
  An elf zombie (Ossuary)
  12 kobold brigands
  16 bullfrogs
  A gnoll sergeant (D:9)
  4 scorpions
  3 glowing shapeshifter simulacra (IceCv)
  7 wights (D:8)
  10 killer bees
  3 howler monkeys (D:9)
  5 electric eels
  2 lava snakes (Lair:2)
  A centaur zombie (Ossuary)
  20 orc priests
  6 hounds
  11 jellies (Lair:3)
  5 iguanas
  An iron imp (D:7)
  A gnoll bouda (D:7)
  32 orc wizards
  A sleepcap (D:6)
  Ijyb (D:3)
  3 shapeshifter simulacra (IceCv)
  4 ogre zombies (Ossuary)
  A hound skeleton (D:3)
  6 mummies (Ossuary)
  9 gnolls
  6 adders
  2 shadow imps
  A white imp (D:6)
  An ufetubus (D:4)
  An adder zombie (D:3)
  2 worms (D:4)
  3 dart slugs
  58 orcs
  13 endoplasms
  5 giant cockroaches
  18 goblins
  6 hobgoblins
  9 jackals
  7 kobolds
  7 quokkas
  9 ball pythons
  A ball python zombie (D:3)
  8 bats
  2 frilled lizards
  3 goblin zombies (Ossuary)
  8 hobgoblin zombies (Ossuary)
  A jackal skeleton (D:3)
  5 kobold zombies (Ossuary)
  5 quokka zombies (Ossuary)
  6 rats
  3 rat zombies (Ossuary)
721 creatures vanquished.

Vanquished Creatures (collateral kills)
  2 slime creatures (D:12)
2 creatures vanquished.

Vanquished Creatures (others)
  A slime creature (IceCv)
  A wolf (Lair:5)
  A bush (Lair:5)
  32 fungi
  102 plants
  4 withered plants
141 creatures vanquished.

Grand Total: 864 creatures vanquished

Notes
Turn   | Place    | Note
-------+----------+-------------------------------------------
     0 | D:1      | LLlMATKO the Minotaur Berserker began the quest for the
                  | Orb.
     0 | D:1      | Reached XP level 1. HP: 19/19 MP: 0/0
   152 | D:1      | Reached XP level 2. HP: 23/27 MP: 1/1
   306 | D:1      | Found Kicroezu's Jewellery Emporium.
   395 | D:1      | Reached ** piety under Trog
   497 | D:1      | Reached XP level 3. HP: 33/33 MP: 2/2
   828 | D:2      | Found Vikosu's Weapon Shoppe.
  1358 | D:3      | Reached skill level 1 in Shields
  1591 | D:3      | Reached XP level 4. HP: 35/40 MP: 3/3
  1674 | D:3      | Noticed Ijyb
  1676 | D:3      | Reached *** piety under Trog
  1684 | D:3      | Killed Ijyb
  2004 | D:4      | Reached XP level 5. HP: 47/47 MP: 4/4
  2381 | D:4      | You fall into a shaft and drop 1 floor!
  2381 | D:5      | Entered Level 5 of the Dungeon
  2420 | D:5      | Reached skill level 5 in Fighting
  2420 | D:5      | Reached skill level 5 in Axes
  2420 | D:5      | Reached XP level 6. HP: 41/56 MP: 5/5
  2798 | D:4      | Found a burning altar of Makhleb.
  3064 | D:4      | Reached XP level 7. HP: 61/61 MP: 6/6
  3098 | D:4      | Noticed Eustachio
  3108 | D:4      | Killed Eustachio
  3384 | D:5      | Noticed Edmund
  3411 | D:5      | Reached skill level 5 in Armour
  3412 | D:5      | Reached **** piety under Trog
  3420 | D:5      | Killed Edmund
  3730 | D:2      | Bought a +2 heavy sling for 205 gold pieces
  3889 | D:5      | Reached XP level 8. HP: 47/70 MP: 7/7
  3922 | D:5      | Reached skill level 5 in Dodging
  3923 | D:5      | Reached skill level 1 in Ranged Weapons
  4517 | D:6      | Reached skill level 5 in Shields
  4620 | D:6      | Found a staircase to the Ecumenical Temple.
  4769 | D:6      | Reached XP level 9. HP: 61/79 MP: 8/8
  5234 | D:7      | Identified 2 scrolls of acquirement
  5234 | D:7      | Acquired the +7 hand crossbow of Qazlal {heavy, rElec}
  5240 | D:7      | Acquired a +0 pair of boots of flying
  5279 | D:7      | Found a flagged portal.
  5311 | Bailey   | Entered a bailey
  5357 | Bailey   | Noticed a two-headed ogre
  5363 | Bailey   | Killed a two-headed ogre
  5484 | Bailey   | Identified the quicksilver dragon scales of Effonk {rN+
                  | Will+}
  5549 | D:7      | Noticed Pikel
  5561 | D:7      | Killed Pikel
  5562 | D:7      | Reached skill level 5 in Ranged Weapons
  5562 | D:7      | Reached XP level 10. HP: 89/89 MP: 9/9
  5579 | D:7      | Found a sand-covered staircase.
  5584 | Ossuary  | Entered an ossuary
  5806 | Ossuary  | Reached ***** piety under Trog
  5878 | Ossuary  | Noticed Menkaure
  5890 | Ossuary  | Killed Menkaure
  6007 | D:7      | Found a glowing golden altar of the Shining One.
  6122 | D:7      | Found a runed translucent gate.
  6143 | D:7      | Found a runed translucent gate.
  6143 | D:7      | Found a runed translucent gate.
  6146 | D:7      | Noticed mavignon's ghost (amateur TrGl)
  6529 | D:7      | Found a snail-covered altar of Cheibriados.
  6575 | D:7      | Found a sacrificial altar of Ru.
  6576 | D:7      | Found a hide-covered altar of Uskayaw.
  6578 | D:7      | Found a broken altar of Ashenzari.
  6578 | D:7      | Found a sparkling altar of Nemelex Xobeh.
  6872 | D:8      | Found a glowing silver altar of Zin.
  6895 | D:8      | Found Agyekhou's Gadget Gallery.
  7002 | D:8      | Found an ancient bone altar of Kikubaaqudgha.
  7325 | D:9      | Found a shadowy altar of Dithmenos.
  7489 | D:9      | Reached XP level 11. HP: 75/97 MP: 10/10
  7552 | D:9      | Found a staircase to the Lair.
  7585 | D:9      | Found an ornate altar of the Wu Jian Council.
  7668 | D:9      | Noticed a two-headed ogre
  7671 | D:9      | Killed a two-headed ogre
  7706 | D:9      | Noticed Erica
  7714 | D:9      | Killed Erica
  7800 | D:9      | Found a radiant altar of Vehumet.
  7812 | D:9      | Found a stormy altar of Qazlal.
  7874 | D:9      | Found a staircase to the Orcish Mines.
  8158 | Lair:1   | Entered Level 1 of the Lair of Beasts
  8158 | Lair:1   | Noticed Fannar
  8168 | Lair:1   | Killed Fannar
  8186 | Lair:1   | Reached skill level 10 in Axes
  8241 | Lair:1   | Reached skill level 10 in Fighting
  8241 | Lair:1   | Found a dark tunnel.
  8250 | Volcano  | Entered a volcano
  8319 | Volcano  | Noticed a hell knight
  8326 | Volcano  | Killed a hell knight
  8327 | Volcano  | Reached skill level 10 in Armour
  8400 | Volcano  | Noticed a centaur warrior
  8414 | Volcano  | Killed a centaur warrior
  9198 | Lair:2   | Noticed a five-headed hydra
  9204 | Lair:2   | Killed a three-headed hydra
  9205 | Lair:2   | Reached XP level 12. HP: 86/107 MP: 11/11
  9489 | Lair:2   | Reached skill level 10 in Shields
  9537 | Lair:2   | Noticed a four-headed hydra
  9542 | Lair:2   | Killed a two-headed hydra
  9574 | Lair:2   | Found a staircase to the Shoals.
  9580 | Lair:2   | Received a gift from Trog
  9671 | Lair:2   | Noticed a four-headed hydra
  9677 | Lair:2   | Killed a two-headed hydra
  9773 | Lair:2   | Reached skill level 10 in Dodging
  9998 | Lair:2   | Found a runed translucent door.
 10184 | Lair:2   | Found a runed translucent gate.
 10184 | Lair:2   | Found a runed translucent gate.
 10184 | Lair:2   | Found a runed translucent gate.
 10184 | Lair:2   | Found a runed translucent gate.
 10184 | Lair:2   | Noticed a boulder beetle
 10184 | Lair:2   | Noticed a boulder beetle
 10185 | Lair:2   | Found a runed translucent gate.
 10186 | Lair:2   | Found a runed translucent gate.
 10186 | Lair:2   | Noticed a boulder beetle
 10393 | Lair:3   | Identified the +1 leather armour of Ighestoc {rElec rF+
                  | Int+3}
 10484 | Lair:3   | Noticed a death yak
 10484 | Lair:3   | Noticed a death yak
 10485 | Lair:3   | Noticed a death yak
 10485 | Lair:3   | Noticed a death yak
 10486 | Lair:3   | Noticed a death yak
 10494 | Lair:3   | Killed a death yak
 10496 | Lair:3   | Killed a death yak
 10499 | Lair:3   | Killed a death yak
 10501 | Lair:3   | Killed a death yak
 10505 | Lair:3   | Killed a death yak
 10551 | Lair:3   | Found a hole to the Spider Nest.
 10590 | Lair:3   | Reached XP level 13. HP: 116/116 MP: 12/12
 11578 | Lair:4   | Received a gift from Trog
 11596 | Lair:4   | Identified the +9 long sword of Guizec {drain, Fly Str+2}
 12172 | Lair:5   | Entered Level 5 of the Lair of Beasts
 12387 | Lair:5   | Reached skill level 10 in Ranged Weapons
 12409 | Lair:5   | Noticed Urug
 12420 | Lair:5   | Killed Urug
 12553 | Lair:5   | Received a gift from Trog
 12724 | Lair:5   | Reached XP level 14. HP: 71/127 MP: 13/13
 13105 | Lair:5   | Found a viscous altar of Jiyva.
 13105 | Lair:5   | Found a staircase to the Slime Pits.
 13592 | D:10     | Entered Level 10 of the Dungeon
 13869 | D:10     | Noticed Gastronok
 13880 | D:10     | Killed Gastronok
 14010 | D:10     | Found a hazy altar of Hepliaklqana.
 14015 | D:10     | Found a shimmering altar of Xom.
 14165 | D:10     | Found a basalt altar of Yredelemnul.
 14663 | D:7      | Killed mavignon's ghost
 14748 | Orc:1    | Entered Level 1 of the Orcish Mines
 15138 | Orc:2    | Entered Level 2 of the Orcish Mines
 15138 | Orc:2    | Found a staircase to the Elven Halls.
 15143 | Orc:2    | Reached ****** piety under Trog
 15560 | Orc:2    | Noticed Donald
 15579 | Orc:2    | Killed Donald
 15679 | Orc:2    | Found Taosemp's Assorted Antiques.
 16078 | Orc:2    | Found Zoyh's Antique Armour Boutique.
 16078 | Orc:2    | Found Fiaqucsa's Weapon Emporium.
 16080 | Orc:2    | Found Saf Tigg's Magic Scroll Boutique.
 16080 | Orc:2    | Found Bobrod's Armour Emporium.
 16089 | Orc:2    | Bought a +2 cloak of poison resistance for 296 gold pieces
 16295 | D:11     | Found a runed translucent gate.
 16308 | D:11     | Found a runed translucent gate.
 16308 | D:11     | Noticed Killmatronix's ghost (journeyman MiSu)
 16359 | D:11     | Found a frozen archway.
 16365 | IceCv    | Entered an ice cave
 16499 | IceCv    | Received a gift from Trog
 16535 | IceCv    | Noticed a quicksilver ooze
 16654 | IceCv    | Killed a quicksilver ooze
 16797 | IceCv    | Reached XP level 15. HP: 137/137 MP: 14/14
 16869 | IceCv    | Noticed an azure jelly
 16874 | IceCv    | Killed an azure jelly
 16875 | IceCv    | Found a viscous altar of Jiyva.
 17005 | IceCv    | Identified the ring "Ysiem" {Drain rElec rF+ Will+ Dex+2}
 17012 | IceCv    | Got the ring "Hoahet" {Ice SInv Stlth+}
 17365 | D:11     | Identified the +6 chain mail of Past Mistakes {Str+5}
 17736 | D:11     | Found a runed translucent gate.
 17754 | D:11     | Killed Killmatronix's ghost
 17758 | D:11     | Identified the +12 broad axe "Hoigg" {freeze, Str+3}
 18542 | D:12     | Found Ungoaj Deed's Armour Shop.
 19209 | D:13     | Identified the +10 hand axe of Superiority {elec, rC+}
 19275 | D:13     | Found a runed translucent gate.
 19276 | D:13     | Found a runed translucent gate.
 19277 | D:13     | Found a runed translucent gate.
 19278 | D:13     | Noticed jombi's ghost (adept KoWn)
 19796 | D:13     | Killed jombi's ghost
 20120 | D:14     | Noticed a frost giant
 20129 | D:14     | Mangled by a frost giant

Illustrated notes

Levels and vault maps discovered:
D:1:      mrwooster_arrival_statue_2, layout_basic, serial_shops,
          nicolae_shop_tiny_real_fake_doors
D:2:      layout_rooms, serial_shops, nicolae_shop_bloodbath_and_beyond
D:3:      kennysheep_the_goblin_king, layout_loops_corners, serial_undead,
          serial_undead_f, serial_undead_d, serial_undead_b, serial_undead_f,
          serial_undead_a, kennysheep_minor_cross
D:4:      layout_loops_corners, makhleb_heckhound_becter, uniq_ijyb,
          uniq_eustachio
D:5:      layout_basic, uniq_edmund
D:6:      cheibrodos_steamvent, layout_basic, minmay_temple_entry_proselytizer
D:7:      layout_basic, mainiacjoe_overflow_boulevard, slow_altar_2,
          mainiacjoe_overflow_alcove_3, enter_ossuary_5,
          gammafunk_ghost_nasty_kobolds, enter_bailey_2, uniq_pikel
D:8:      layout_rooms, kiku_gazebo_garden_becter, zin_academy,
          nicolae_shop_gadgets
D:9:      layout_irregular_city, mainiacjoe_overflow_alcove_2,
          nicolae_overflow_crystal_walls, amethyst_overflow_temple_binary,
          minmay_lair_entry_grove, orc_0_dummy, uniq_erica
D:10:     layout_irregular_city, regret_index_temple_of_mockery,
          lemuel_round_altar, uniq_gastronok
D:11:     layout_basic, portal_ice_cave_entry_pillars_1,
          gammafunk_ghost_hydra_chop, grunt_decor_cap, kennysheep_generic_room_3
D:12:     layout_rooms, serial_shops, nicolae_shop_back_alley_shop, hive_lemuel
D:13:     layout_irregular_city, ebering_ghost_rock_garden
D:14:     layout_cave_pods, david_vaults_1, gammafunk_ghost_mausoleum,
          amcnicky_mini_pool_small, minmay_diamond_spiral, uniq_josephine,
          uniq_rupert, uniq_azrael
Lair:1:   layout_roguey, nicolae_volcano_entry_hallway, grunt_megastairs_5,
          uniq_fannar
Lair:2:   gammafunk_indiana_jones, layout_gridlike,
          nicolae_shoals_entry_flooding, serial_bayou_shore_b
Lair:3:   lemuel_slime, layout_regular_city,
          hellmonk_spider_entry_life_and_decay, lemuel_fruit_tree,
          grunt_megastairs_3
Lair:4:   layout_roguey, lemuel_another_geyser, grunt_megastairs_2,
          infiniplex_staircase_pool_2
Lair:5:   minmay_lair_end_frog_pond, layout_regular_city, slime_entry_1,
          chequers_serial_rivers_micro_c, kennysheep_basilisk_garden, uniq_urug
Orc:1:    layout_caves, nicolae_orc_lost_temple
Orc:2:    grunt_orc_tribal_feast, layout_caves, serial_shops, shop, uniq_donald

Skill      XL: |  1  2  3  4  5  6  7  8  9 10 11 12 13 14 15 |
---------------+----------------------------------------------+-----
Armour         | 3 4 5 6 7 9 10 11 12 13 14 | 14.4
Fighting       | 4 5 6 7 8 9 10 11 12 13 14 | 14.5
Axes           | 4 5 6 7 8 9 10 11 12 13 14 | 14.4
Shields        | 1 2 3 4 5 7 8 9 10 12 13 | 13.9
Dodging        | 3 4 6 7 8 9 10 11 12 13 | 13.1
Ranged Weapons | 3 5 6 7 9 10 11 12 | 12.2

Action                     |  1- 3 |  4- 6 |  7- 9 | 10-12 | 13-15 || total
---------------------------+-------+-------+-------+-------+-------++-------
  Melee: Hand axe          |   116 |   134 |    74 |       |       ||   324
         Headbutt          |    18 |    27 |    21 |    47 |   105 ||   218
         Punch             |     1 |       |       |       |       ||     1
         War axe           |       |       |    85 |   141 |       ||   226
         Broad axe         |       |       |       |    86 |   462 ||   548
   Fire: Sling             |       |       |    57 |       |       ||    57
         Hand crossbow     |       |       |     6 |   217 |   381 ||   604
  Throw: Dart              |       |       |     3 |     1 |       ||     4
 Invoke: Berserk           |       |     1 |     6 |     5 |    14 ||    26
         Trog's Hand       |       |       |     1 |     1 |     3 ||     5
         Brothers in Arms  |       |       |       |       |     3 ||     3
    Use: Scroll            |       |       |    10 |     1 |    20 ||    31
         Potion            |       |       |       |     1 |       ||     1
 Armour: Chain mail        |    44 |       |       |       |    74 ||   118
         Animal skin       |     3 |       |       |       |       ||     3
         Plate armour      |    32 |    85 |   155 |   216 |   289 ||   777
  Dodge: Dodged            |    43 |    54 |    75 |   172 |   303 ||   647
  Block: Buckler           |     7 |    17 |    30 |    62 |       ||   116
         Tower shield      |       |       |       |   170 |   694 ||   864
         Kite shield       |       |       |       |       |    51 ||    51
         Reflection        |       |       |       |       |     6 ||     6
